 Dungeon Crawl Stone Soup version 0.29-a0-378-gc08b2e8bf8 (webtiles) character file.

Game seed: 4977356177922610178

32328 Artihs the Protected (level 14, -20/113 HPs)
             Began as a Human Fighter on May 4, 2022.
             Was a High Priest of Okawaru.
             Killed from afar by a tengu conjurer (24 damage)
             ... with a bolt of lightning
             ... on level 13 of the Dungeon.
             The game lasted 02:10:33 (19637 turns).

Artihs the Protected (Human Fighter)               Turns: 19637, Time: 02:10:35

Health: -20/113    AC: 30    Str: 16    XL:     14   Next: 2%
Magic:  0/16       EV: 12    Int: 11    God:    Okawaru [*****.]
Gold:   1675       SH: 20    Dex: 22    Spells: 13/13 levels left

rFire   . . .      SeeInvis .   j - +3 demon trident (vamp)
rCold   . . .      Faith    .   y - +5 kite shield
rNeg    . . .      Spirit   +   c - +0 plate armour
rPois   .          Reflect  .   C - +0 helmet
rElec   .          Harm     .   f - +2 cloak
rCorr   .          Rampage  +   (no gloves)
Will    +....                   E - +2 pair of boots {rampage}
Stlth   ..........              s - amulet of guardian spirit
HPRegen 0.28/turn               B - +4 ring of protection
MPRegen 0.15/turn               S - +6 ring of dexterity

@: heroic, studying Poison Magic
A: no striking features
a: Renounce Religion, Heroism, Finesse, Duel


You were on level 13 of the Dungeon.
You worshipped Okawaru.
Okawaru was extremely pleased with you.
You visited 2 branches of the dungeon, and saw 14 of its levels.
You also visited: Ice Cave.

You collected 1724 gold pieces.
You spent 49 gold pieces at shops.

Inventory:

Hand Weapons
 j - a +3 vampiric demon trident (weapon)
 v - a +4 whip
 x - a +2 demon trident of freezing
 A - a +7 dagger of holy wrath
 I - a +4 trident
 K - a +3 quarterstaff of chaos
 L - a +2 morningstar of freezing
 V - a +6 halberd of chaos
Missiles
 b - 34 poisoned darts (quivered)
 z - 7 boomerangs
 O - 2 datura-tipped darts
 Q - 2 curare-tipped darts
Armour
 a - +0 acid dragon scales
 c - a +0 plate armour (worn)
 f - a +2 cloak (worn)
 y - a +5 kite shield (worn)
 C - a +0 helmet (worn)
 E - a +2 pair of boots of rampaging (worn)
 G - the +6 scale mail "Netodo" {Rampage rC+++ Int-5 Stlth+}
   (You found it in an ice cave)

   Int:       It affects your intelligence (-5).
   rC:        It renders you almost immune to cold.
   Rampage:   It bestows one free step when moving towards enemies.
   Stlth:     It makes you more stealthy.
 J - a +0 cloak of preservation
 U - a +1 buckler of cold resistance
 X - an orb of energy
Jewellery
 h - a ring of resist corrosion
 q - an amulet of magic regeneration
 s - an amulet of guardian spirit (around neck)
 t - a ring of flight
 B - a +4 ring of protection (left hand)
 H - a +4 ring of protection
 S - a +6 ring of dexterity (right hand)
Wands
 l - a wand of iceblast (10)
 r - a wand of flame (17)
 M - a wand of mindburst (9)
 P - a wand of acid (9)
 T - a wand of paralysis (10)
Scrolls
 e - 5 scrolls of blinking
 i - a scroll of fog
 p - a scroll of amnesia
 w - 5 scrolls of immolation
 F - 5 scrolls of teleportation
 R - a scroll of magic mapping
Potions
 g - 2 potions of mutation
 k - 2 potions of haste
 m - 5 potions of flight
 n - 2 potions of curing
 o - 3 potions of attraction
 D - 2 potions of invisibility {unknown}
 N - 5 potions of lignification
 W - a potion of might
 Y - a potion of heal wounds
Miscellaneous
 d - a piece from Xom's chessboard (15/15)
 u - a condenser vane


   Skills:
 * Level 11.5(16.5) Fighting
 * Level 11.2(16.2) Polearms
 * Level 11.5(16.5) Armour
 + Level 7.7(12.7) Dodging
 * Level 11.4(16.4) Shields
 + Level 3.2 Invocations


You had 13 spell levels left.
You didn't know any spells.
Your spell library contained the following spells:

 Spells                   Type           Power      Damage    Failure   Level
 Apportation              Tloc           0%         N/A       100%        1
 Magic Dart               Conj           0%         1d3       100%        1
 Shock                    Conj/Air       0%         1d3       100%        1
 Ensorcelled Hibernation  Hex/Ice        0%         N/A       100%        2
 Passwall                 Tmut/Erth      0%         N/A       100%        2
 Gell's Gravitas          Tloc           0%         N/A       100%        3
 Inner Flame              Hex/Fire       0%         N/A       100%        3
 Lesser Beckoning         Tloc           0%         N/A       100%        3
 Mephitic Cloud           Conj/Pois/Air  0%         N/A       100%        3
 Swiftness                Air            0%         N/A       100%        3
 Teleport Other           Tloc           0%         N/A       100%        3
 Airstrike                Air            0%         N/A       100%        4
 Cause Fear               Hex            0%         N/A       100%        4
 Petrify                  Tmut/Erth      0%         N/A       100%        4
 Metabolic Englaciation   Hex/Ice        0%         N/A       100%        5
 Statue Form              Tmut/Erth      0%         N/A       100%        6
 Dragon Form              Tmut           0%         N/A       100%        7
 Discord                  Hex            0%         N/A       100%        8
 Animate Skeleton         Necr           Unusable   N/A       N/A         1
 Summon Small Mammal      Summ           Unusable   N/A       N/A         1
 Call Imp                 Summ           Unusable   N/A       N/A         2
 Dragon's Call            Summ           Unusable   N/A       N/A         9

Dungeon Overview and Level Annotations

Branches:
Dungeon (13/15)            Temple (1/1) D:5            Lair (0/6) D:11
    Orc (0/2) D:9           IceCv (visited)
 Vaults: D:13-14

Altars:
Ashenzari
Cheibriados
Dithmenos
Elyvilon
Fedhas
Gozag
Hepliaklqana
Kikubaaqudgha
Makhleb
Nemelex Xobeh
Okawaru
Qazlal
Ru
Sif Muna
Trog
Uskayaw
Vehumet
Wu Jian
Xom
Yredelemnul
Zin
The Shining One
Beogh

Shops:
D:4 [

Annotations:
D:3 1 runed translucent door, lurtze1's ghost, amateur DsFi
D:7 3 runed translucent doors, Iidacon's ghost, novice MiBe
D:9 Amaemon
D:11 2 transporters, Regoshi's ghost, journeyman DsGl
D:13 Azrael


Message History

The tengu conjurer mumbles some strange words.
The tengu conjurer conjures a globe of magical energy!
A battlesphere comes into view.
You impale the battlesphere!!
You destroy the battlesphere!
The tengu conjurer attacks as you move away!
You block the tengu conjurer's attack.
The tengu conjurer pecks you but does no damage.
The tengu conjurer claws you but does no damage.
The tengu conjurer barely misses you.
The tengu conjurer pecks you but does no damage.
You block the tengu conjurer's attack. The tengu conjurer barely misses you.
The tengu conjurer pecks you but does no damage.
You block the tengu conjurer's attack.
The tengu conjurer attacks as you move away!
You block the tengu conjurer's attack. The tengu conjurer misses you.
You block the tengu conjurer's attack.
The tengu conjurer casts a spell.
The tengu conjurer conjures a globe of magical energy!
You block the tengu conjurer's attack.
The tengu conjurer pecks you but does no damage.
The tengu conjurer closely misses you.
A battlesphere comes into view.
You impale the tengu conjurer!!
You kill the tengu conjurer!
Okawaru accepts your kill.
The battlesphere dissipates.
You hit the battlesphere.
The battlesphere is lightly damaged.
The tengu conjurer casts a spell at you.
The bolt of lightning hits you!
You rampage towards the battlesphere!
You block the tengu conjurer's attack. The tengu conjurer barely misses you.
You block the tengu conjurer's attack.
You hit the tengu conjurer.
You feel better.
The tengu conjurer is lightly wounded.
The tengu conjurer casts a spell at you.
The bolt of lightning hits you!!!
* * * LOW HITPOINT WARNING * * *
The bolt of lightning hits you!!
You die...

.>.# .#. ... #..
... ...# #### #.#
#..# ...###.# ##..#
..*#.### #...##
#.#...####.#..##
#..........##.○##
##@Q#>###..##..°###
##[..###..##...R..
##...............
###..........###
##..#...#..##
##...#..##...#
#...##....#..# ###
###.#.##.##.#..#
#.#
#...#†##.##....##


You could see a tengu conjurer (empowered) and a battlesphere.

Vanquished Creatures
  2 hydras
  Erolcha (D:9)
  4 boulder beetles
  3 two-headed ogres
  A centaur warrior (D:13)
  2 bog bodies (IceCv)
  Pikel (D:7)
  A cyclops (D:8)
  An ugly thing (D:11)
  4 manticores
  Maurice (D:9)
  3 komodo dragons (D:11)
  A kobold demonologist (D:12)
  2 rime drakes (D:11)
  An anaconda simulacrum (IceCv)
  A tengu conjurer (D:13)
  An entropy weaver simulacrum (IceCv)
  An ice devil (IceCv)
  3 trolls
  A queen bee (D:10)
  Grinder (D:6)
  12 slime creatures
  4 shadows
  Sigmund (D:5)
  2 water elementals (D:11)
  2 wraiths
  20 yaks
  A wyvern (D:8)
  A dire elephant simulacrum (IceCv)
  2 fire elementals (D:12)
  A death yak simulacrum (IceCv)
  Eustachio (D:5)
  A steam dragon (D:7)
  9 vampire mosquitoes
  2 harpy simulacra (IceCv)
  Menkaure (D:6)
  4 acid dragons
  Duvessa (D:4)
  3 water moccasins
  4 hell hounds (D:12)
  7 orc warriors
  2 sky beasts (D:6)
  An ice beast (D:7)
  4 black bears
  A boggart (D:9)
  An ogre (D:5)
  5 centaurs
  3 phantoms
  2 lemures (D:7)
  5 kobold brigands
  Blork the orc (D:6)
  4 bullfrogs
  A necrophage (D:5)
  9 two-headed ogre simulacra (IceCv)
  4 cane toad simulacra (IceCv)
  4 gnoll sergeants
  3 scorpions
  Dowan (D:4)
  28 killer bees
  13 wights
  3 elephant simulacra (IceCv)
  6 electric eels (D:11)
  6 howler monkeys
  4 jellies
  5 hounds
  10 orc priests
  Crazy Yiuf (D:6)
  10 orc wizards
  8 troll simulacra (IceCv)
  3 spriggan simulacra (IceCv)
  4 polar bear simulacra (IceCv)
  A wolf simulacrum (IceCv)
  12 gnolls
  6 adders
  A naga simulacrum (IceCv)
  2 shadow imps
  9 white imps
  10 ufetubi
  5 worms
  4 dart slugs
  59 orcs
  5 endoplasms
  2 giant cockroaches (D:4)
  3 goblins
  2 hobgoblins
  A jackal (D:4)
  15 kobolds
  3 quokkas
  8 ball pythons
  6 bats
  7 frilled lizards
  9 rats
437 creatures vanquished.

Vanquished Creatures (others)
  47 fungi (D:11)
  106 plants
153 creatures vanquished.

Grand Total: 590 creatures vanquished

Notes
Turn   | Place    | Note
-------+----------+-------------------------------------------
     0 | D:1      | Artihs the Human Fighter began the quest for the Orb.
     0 | D:1      | Reached XP level 1. HP: 18/18 MP: 1/1
   132 | D:1      | Reached XP level 2. HP: 24/24 MP: 2/2
   134 | D:1      | Found a faded altar of an unknown god.
   521 | D:1      | Reached XP level 3. HP: 29/29 MP: 3/3
  1454 | D:2      | Reached XP level 4. HP: 25/35 MP: 4/4
  2124 | D:3      | Found a runed translucent door.
  2130 | D:3      | Noticed lurtze1's ghost (amateur DsFi)
  3158 | D:3      | Reached XP level 5. HP: 25/41 MP: 5/5
  4167 | D:4      | Reached skill level 1 in Dodging
  4174 | D:3      | Reached XP level 6. HP: 14/53 MP: 6/6
  4437 | D:4      | Reached XP level 7. HP: 56/59 MP: 7/7
  4550 | D:4      | Found Terugreh's Armour Emporium.
  4556 | D:4      | Bought a +0 pair of boots for 49 gold pieces
  5103 | D:4      | Reached XP level 8. HP: 60/67 MP: 8/8
  5642 | D:4      | Noticed Duvessa
  5642 | D:4      | Noticed Dowan
  5659 | D:4      | Killed Duvessa
  5664 | D:4      | Killed Dowan
  5715 | D:4      | Found a basalt altar of Yredelemnul.
  5826 | D:5      | Entered Level 5 of the Dungeon
  6053 | D:5      | Reached XP level 9. HP: 67/72 MP: 9/9
  6578 | D:5      | Found a staircase to the Ecumenical Temple.
  6621 | Temple   | Entered the Ecumenical Temple
  6818 | D:5      | Noticed Eustachio
  6835 | D:5      | Killed Eustachio
  7004 | D:5      | Noticed Sigmund
  7016 | D:5      | Killed Sigmund
  7198 | D:6      | You fall into a shaft and drop 2 floors!
  7377 | D:8      | Identified 2 scrolls of acquirement
  7377 | D:8      | Acquired 742 gold pieces
  7379 | D:8      | Acquired a +1 vampiric demon trident
  7771 | D:6      | Noticed Grinder
  7806 | D:6      | Killed Grinder
  7957 | D:6      | Found a runed translucent door.
  7958 | D:6      | Noticed Crazy Yiuf
  8019 | D:6      | Noticed Menkaure
  8028 | D:6      | Killed Menkaure
  8029 | D:6      | Reached XP level 10. HP: 43/80 MP: 10/10
  8297 | D:6      | Noticed Blork the orc
  8306 | D:6      | Killed Blork the orc
  8349 | D:6      | Reached skill level 5 in Dodging
  8600 | D:6      | Killed Crazy Yiuf
  9061 | D:7      | Noticed Pikel
  9081 | D:7      | Found a runed translucent gate.
  9081 | D:7      | Found a runed translucent gate.
  9081 | D:7      | Found a runed translucent gate.
  9081 | D:7      | Noticed Iidacon's ghost (novice MiBe)
  9081 | D:7      | Noticed a boulder beetle
  9102 | D:7      | Killed Pikel
  9135 | D:7      | Killed a boulder beetle
 10210 | D:8      | Found a sparkling altar of Nemelex Xobeh.
 10556 | D:8      | Reached XP level 11. HP: 66/86 MP: 11/11
 10973 | D:8      | Noticed a cyclops
 10982 | D:8      | Killed a cyclops
 11210 | D:9      | Noticed a boulder beetle
 11223 | D:9      | Noticed Erolcha
 11223 | D:9      | Noticed a manticore
 11634 | D:8      | Killed a manticore
 11816 | D:9      | Killed Erolcha
 12077 | D:9      | Killed a boulder beetle
 12230 | D:9      | Found a staircase to the Orcish Mines.
 12352 | D:9      | Found an iron altar of Okawaru.
 12358 | D:9      | Found a sacrificial altar of Ru.
 12360 | D:9      | Became a worshipper of Warmaster Okawaru
 12364 | D:9      | Found a shimmering blue altar of Sif Muna.
 12367 | D:9      | Found a shimmering altar of Xom.
 12373 | D:9      | Found an opulent altar of Gozag.
 12403 | D:9      | Noticed Amaemon
 13088 | D:9      | Noticed Maurice
 13117 | D:9      | Killed Maurice
 13117 | D:9      | Reached * piety under Okawaru
 13951 | D:10     | Entered Level 10 of the Dungeon
 14004 | D:10     | Reached XP level 12. HP: 96/96 MP: 8/12
 14101 | D:10     | Noticed a two-headed ogre
 14112 | D:10     | Killed a two-headed ogre
 14112 | D:10     | Reached ** piety under Okawaru
 14129 | D:10     | Found a radiant altar of Vehumet.
 14210 | D:10     | Noticed a two-headed ogre
 14219 | D:10     | Killed a two-headed ogre
 14263 | D:10     | Reached skill level 10 in Armour
 14487 | D:10     | Reached skill level 10 in Fighting
 14708 | D:11     | Reached skill level 10 in Shields
 14756 | D:11     | Reached *** piety under Okawaru
 14973 | D:11     | Reached skill level 10 in Polearms
 15049 | D:11     | Reached **** piety under Okawaru
 15071 | D:11     | Found a staircase to the Lair.
 15124 | D:11     | Noticed a thrashing horror
 15153 | D:11     | Found a transporter.
 15297 | D:11     | Found a frozen archway.
 15315 | D:11     | Reached XP level 13. HP: 82/104 MP: 7/13
 15318 | IceCv    | Entered an ice cave
 15851 | IceCv    | Reached skill level 1 in Invocations
 16246 | IceCv    | HP: 4/104 [ice statue/bolt of cold (10)]
 17173 | IceCv    | Identified the +6 scale mail "Netodo" {Rampage rC+++ Int-5
                  | Stlth+}
 17261 | D:11     | Found a transporter.
 17264 | D:11     | Noticed Regoshi's ghost (journeyman DsGl)
 17743 | D:12     | Found a shadowy altar of Dithmenos.
 18029 | D:12     | Noticed a boulder beetle
 18071 | D:12     | Killed a boulder beetle
 18134 | D:12     | Noticed a seven-headed hydra
 18155 | D:12     | Killed a seven-headed hydra
 18724 | D:13     | Noticed a centaur warrior
 18730 | D:13     | Killed a centaur warrior
 18730 | D:13     | Reached ***** piety under Okawaru
 18812 | D:13     | Noticed Azrael
 19379 | D:13     | Noticed a boulder beetle
 19423 | D:13     | Killed a boulder beetle
 19586 | D:13     | Noticed a five-headed hydra
 19597 | D:13     | Killed a five-headed hydra
 19598 | D:13     | Reached XP level 14. HP: 93/113 MP: 9/16
 19637 | D:13     | HP: 4/113 [tengu conjurer/bolt of lightning (32)]
 19637 | D:13     | Killed from afar by a tengu conjurer

Illustrated notes

Levels and vault maps discovered:
D:1:      dpeg_arrival_oval, layout_loops_ring, ebering_ecumenical_altar_rust
D:2:      layout_rooms
D:3:      layout_rooms, ebering_ghost_reflecting_pool
D:4:      minmay_razor_zed, layout_loops_ring, kennysheep_mini, serial_shops,
          shop, nrook_loot_triangle, nicolae_concentric_dashed_squares_wild,
          uniq_duvessa
D:5:      layout_gridville, minmay_temple_entry_mini_moons, minmay_starry_boxes,
          uniq_eustachio, uniq_sigmund
D:6:      layout_basic, uniq_grinder, uniq_crazy_yiuf_cottage,
          uniq_blork_the_orc, uniq_menkaure
D:7:      layout_basic, gammafunk_ghost_necromancy, uniq_pikel
D:8:      layout_gridville, nemelex_spade_bored_becter, wad_dig_loot
D:9:      minmay_the_grid_square_5x5_3x3 [minmay_the_grid_square_5x5_six_small,
          minmay_the_grid_square_5x5_n_small,
          minmay_the_grid_square_5x5_shrine2, minmay_the_grid_square_5x5_v,
          minmay_the_grid_square_5x5_megaprize_crossed,
          minmay_the_grid_square_5x5_z, minmay_the_grid_square_5x5_detours,
          minmay_the_grid_square_5x5_inner_z,
          minmay_the_grid_square_5x5_percent], layout_stronghold,
          nicolae_overflow_hallway_of_the_gods, david_orc_5, uniq_amaemon,
          uniq_maurice, uniq_erolcha
D:10:     layout_rooms, mainiacjoe_overflow_catwalk,
          nicolae_looking_at_the_future
D:11:     layout_roguey, due_lair_maze_entry_diamond,
          gammafunk_ghost_abyssal_escape, portal_ice_cave_rime, serial_bayou,
          serial_bayou_crossing, serial_bayou_lake_a, serial_bayou_lagoon_a,
          serial_bayou_pond_c
D:12:     layout_irregular_city, nicolae_dithmenos_shadow_blocks
D:13:     layout_rooms, ximxim_vaults_locker_room, uniq_azrael
Temple:   eino_narrow_crystal_temple

Skill      XL: |  1  2  3  4  5  6  7  8  9 10 11 12 13 |
---------------+----------------------------------------+-----
Polearms       | 6 7 8 9 10 11 | 11.2
Dodging        | 4 5 6 7 |  7.7
Fighting       | 6 7 8 9 10 11 | 11.5
Armour         | 6 7 8 9 10 11 | 11.5
Shields        | 6 7 8 9 10 11 | 11.4
Invocations    | 3 |  3.2

Action                   |  1- 3 |  4- 6 |  7- 9 | 10-12 | 13-15 || total
-------------------------+-------+-------+-------+-------+-------++-------
Melee: Trident           |   120 |    83 |   427 |       |       ||   630
       Spear             |       |    50 |       |       |       ||    50
       Demon trident     |       |       |    43 |  1003 |   673 ||  1719
Throw: Dart              |    22 |    21 |     7 |    17 |    14 ||    81
       Boomerang         |       |       |    24 |    28 |       ||    52
Invok: Heroism           |       |       |       |    14 |    29 ||    43
       Finesse           |       |       |       |       |     1 ||     1
Evoke: Wand              |       |     4 |     4 |    11 |    15 ||    34
  Use: Potion            |       |     2 |     2 |     6 |     2 ||    12
       Scroll            |       |       |     5 |    13 |     9 ||    27
Armor: Scale mail        |    50 |     2 |       |       |       ||    52
       Chain mail        |       |    59 |   130 |       |       ||   189
       Plate armour      |       |       |    96 |   439 |   231 ||   766
Dodge: Dodged            |    29 |    37 |    77 |   184 |   133 ||   460
Block: Buckler           |    35 |    34 |    16 |       |       ||    85
       Kite shield       |       |       |   234 |   692 |   489 ||  1415

Table legend: (Time is in decaauts)
 A = Elapsed time spent in this place.
 B = Non-inter-level travel time spent in this place.
 C = Inter-level travel time spent in this place.
 D = Time resting spent in this place.
 E = Time spent auto-exploring this place.
 F = Levels seen in this place.
 G = Mean time per level.
                   A        B        C        D        E       F      G
               +--------+--------+--------+--------+--------+-----+--------+
         Total |  19651 |  16005 |   3646 |   5114 |   6229 |  15 | 1310.1 |
       Dungeon |  17620 |  13980 |   3640 |   3972 |   6059 |  13 | 1355.4 |
        Temple |    184 |    178 |      6 |      0 |    170 |   1 |  184.0 |
      Ice Cave |   1846 |   1846 |      0 |   1142 |      0 |   1 | 1846.0 |
               +--------+--------+--------+--------+--------+-----+--------+

Top non-repeatable levels by time:
     D:9: 2391 daAuts
     D:8: 2063 daAuts
   IceCv: 1846 daAuts
     D:2: 1770 daAuts
     D:3: 1561 daAuts
     D:4: 1487 daAuts
    D:12: 1465 daAuts
     D:6: 1252 daAuts
     D:7: 1162 daAuts
    D:11: 1151 daAuts
     D:5: 1128 daAuts
     D:1: 1068 daAuts
    D:10: 719 daAuts
    D:13: 395 daAuts
  Temple: 184 daAuts
